 Dungeon Crawl Stone Soup version 0.23.0-3-gf3c87f2df8 (webtiles) character file.

Game seed: 5387920477622770685

649 GotenAND the Chopper (level 7, -1/63 HPs)
             Began as a Deep Dwarf Fighter on Feb 24, 2019.
             Slain by an ogre
             ... wielding a +0 giant club
              (17 damage)
             ... on level 4 of the Dungeon.
             The game lasted 00:06:09 (2304 turns).

GotenAND the Chopper (Deep Dwarf Fighter)           Turns: 2304, Time: 00:06:09

Health: -1/63      AC: -35   Str: 22    XL:     7   Next: 28%
Magic:  4/4        EV:  7    Int:  8    God:
Gold:   187        SH:  9    Dex: 12    Spells: 10/10 levels left

rFire    . . .     SeeInvis .   a - +0 war axe
rCold    . . .     Gourm    .   c - +0 shield
rNeg     . . .     Faith    .   b - +0 scale mail
rPois    .         Spirit   .   l - +1 helmet
rElec    .         Reflect  .   (no cloak)
rCorr    .         Harm     .   (no gloves)
MR       +....                  (no boots)
Stlth    ..........             (no amulet)
HPRegen  0.00/turn              (no ring)
MPRegen  0.09/turn              (no ring)

@: corroded, non-regenerating, heavily drained
A: damage resistance, heal wounds, sense surroundings 1, no regeneration
a: Heal Wounds


You were on level 4 of the Dungeon.
You were not hungry.

You visited 1 branch of the dungeon, and saw 4 of its levels.

You collected 187 gold pieces.

Inventory:

Hand Weapons
 a - a +0 war axe (weapon)
Armour
 b - a +0 scale mail (worn)
 c - a +0 shield (worn)
 l - a +1 helmet (worn)
Jewellery
 t - an uncursed ring of positive energy {unknown}
Wands
 m - a wand of random effects (14)
Scrolls
 e - a scroll of enchant armour {unknown}
 h - 2 scrolls of fear {unknown}
 j - 3 scrolls of teleportation {unknown}
 k - a scroll of magic mapping {unknown}
 o - 2 scrolls of identify {unknown}
 q - a scroll of amnesia {unknown}
 s - a scroll of remove curse {unknown}
Potions
 g - a potion of heal wounds {unknown}
 i - 2 potions of curing {unknown}
 p - 2 potions of invisibility {unknown}
 r - 2 potions of degeneration {unknown}
 u - a potion of flight {unknown}
Comestibles
 d - 4 chunks of flesh
 f - 8 rations


   Skills:
 * Level 3.8(1.6) Fighting
 * Level 5.6(3.2) Axes
 * Level 4.9(2.6) Armour
 * Level 5.0(2.7) Shields
 * Level 2.0(0.0) Spellcasting


You had 10 spell levels left.
You didn't know any spells.
Your spell library was empty.

Dungeon Overview and Level Annotations

Branches:
Dungeon (4/15)
 Temple: D:4-7

Altars:
Elyvilon
Wu Jian


Innate Abilities, Weirdness & Mutations

You are resistant to damage.
You can heal yourself by infusing magical energy.
You passively map a small area around you.
You do not regenerate.


Message History

The jackal barely misses you.
You are too injured to fight recklessly!
Unknown command.
You are too injured to fight recklessly!
You are too injured to fight recklessly!
You feel much better. The jackal barely misses you.
You block the jackal's attack.
The ogre hits you with a +0 giant club!!
* * * LOW HITPOINT WARNING * * *
The jackal bites you.
You feel much better. The jackal bites you. You block the jackal's attack.
The jackal bites you.
You closely miss the jackal.
The jackal is heavily wounded.
You hit the jackal but do no damage. You slash the ogre! The jackal bites you.
The ogre hits you with a +0 giant club!!
* * * LOW HITPOINT WARNING * * *
You block the jackal's attack. The jackal barely misses you.
The ogre hits you with a +0 giant club!!
You die...

, #..)÷....... , . *
#..÷........
...###........... * ,
#......(........
#####........... , , ,*
###.......>.# , , ,
#.........#.. ,
###.########..#.#######.
......O@.%...##... *.
.####.h.h....####.# * ,
, ,, #.W....#........, ,
, #................
*#......####...... ,
........., .... , , ,
..........., *... , , ,
, ............ *,.. , ,
,


You could see a phantom, an ogre and 2 jackals.

Vanquished Creatures
  The ghost of blaro the Shield-Bearer, an amateur MiFi of the Shining One (D:3)
  Edmund (D:4)
  An ogre (D:3)
  A jelly (D:4)
  An orc priest (D:3)
  2 orc wizards (D:3)
  2 iguanas (D:4)
  Robin (D:2)
  3 adders
  An ooze (D:3)
  3 worms (D:2)
  2 dart slugs
  6 leopard geckos
  6 orcs (D:3)
  5 bats (D:3)
  3 giant cockroaches
  10 hobgoblins
  5 jackals
  A quokka (D:2)
  A ball python (D:2)
  3 frilled lizards
  14 goblins
  3 kobolds
  4 rats
80 creatures vanquished.

Notes
Turn   | Place    | Note
-------+----------+-------------------------------------------
     0 | D:1      | GotenAND the Deep Dwarf Fighter began the quest for the
                  | Orb.
     0 | D:1      | Reached XP level 1. HP: 20/20 MP: 1/1
   163 | D:1      | Reached XP level 2. HP: 18/27 MP: 2/2
   624 | D:2      | Found an ornate altar of the Wu Jian Council.
   668 | D:2      | Reached XP level 3. HP: 33/33 MP: 3/3
   822 | D:2      | Noticed Robin
   838 | D:2      | Killed Robin
   840 | D:2      | Reached XP level 4. HP: 26/42 MP: 3/5
  1364 | D:3      | Found a white marble altar of Elyvilon.
  1460 | D:3      | Reached skill level 1 in Spellcasting
  1611 | D:3      | Noticed blaro's ghost (amateur MiFi)
  1612 | D:3      | Found a transporter.
  1613 | D:3      | Noticed an ogre
  1616 | D:3      | Found a transporter.
  1686 | D:3      | Reached XP level 5. HP: 46/49 MP: 6/6
  2121 | D:3      | Killed blaro's ghost
  2121 | D:3      | Reached XP level 6. HP: 53/56 MP: 3/5
  2126 | D:3      | Reached skill level 5 in Axes
  2183 | D:4      | Noticed Edmund
  2209 | D:4      | Killed Edmund
  2209 | D:4      | Reached XP level 7. HP: 54/63 MP: 6/6
  2295 | D:4      | Reached skill level 5 in Shields
  2304 | D:4      | Slain by an ogre

Skill      XL: |  1  2  3  4  5  6  7 |
---------------+----------------------+-----
Fighting       | 3 |  3.8
Axes           | 3 4 5 |  5.6
Shields        | 4 5 |  5.0
Spellcasting   | 1 2 |  2.0
Armour         | 4 |  4.9

Action                   |  1- 3 |  4- 6 |  7- 9 || total
-------------------------+-------+-------+-------++-------
Melee: War axe           |   100 |   199 |    43 ||   342
 Abil: Heal Wounds       |     1 |    11 |    14 ||    26
  Use: Potion            |       |     1 |       ||     1
  Eat: Chunk             |       |     4 |     1 ||     5
Armor: Scale mail        |    34 |    95 |     9 ||   138
Dodge: Dodged            |    31 |    68 |    57 ||   156
Block: Shield            |    55 |   132 |    65 ||   252
